 Dungeon Crawl Stone Soup version 0.18-a0-965-g9200175 (webtiles) character file.

186 dvd the Insei (level 5, -1/37 HPs)
             Began as a Merfolk Transmuter on Jan 1, 2016.
             Succumbed to an orc's poison
             ... on level 3 of the Dungeon.
             The game lasted 00:08:50 (3849 turns).

dvd the Insei (Merfolk Transmuter)                  Turns: 3849, Time: 00:08:50

Health: -1/37      AC:  2    Str: 11    XL:     5   Next: 65%
Magic:  8/10       EV: 22    Int: 13    God:
Gold:   69         SH:  0    Dex: 19    Spells: 2 memorised, 6 levels left

rFire  . . .     SeeInvis .       - Unarmed
rCold  . . .     Gourm    .     (armour currently unavailable)
rNeg   . . .     Faith    .     (shield currently unavailable)
rPois  x         Spirit   .     (helmet currently unavailable)
rElec  .         Dismiss  .     (cloak currently unavailable)
rCorr  .         Reflect  .     (gloves currently unavailable)
SustAt .         Harm     .     (boots currently unavailable)
MR     .....                    (no amulet)
Stlth  ++........               (no ring)
                                (no ring)

@: lethally poisoned (-1 -> -16), spider-form (expiring), not resistant to
hostile enchantments, unstealthy
A: (change form in water), (swift swim)
a: End Transformation


You were on level 3 of the Dungeon.
You were not hungry.
You were a venomous arachnid creature.
You visited 1 branch of the dungeon, and saw 3 of its levels.

You collected 69 gold pieces.

Inventory:

Armour
 b - a +0 robe (melded)
 g - a +0 pair of gloves (melded)
Scrolls
 e - 5 scrolls of teleportation {unknown}
 f - a scroll of remove curse {unknown}
 i - a scroll of recharging {unknown}
 j - a scroll of immolation {unknown}
 k - a scroll of random uselessness {unknown}
 n - a scroll of enchant weapon {unknown}
 r - a scroll of magic mapping {unknown}
Potions
 a - a potion of lignification {unknown}
 h - a potion of agility {unknown}
 l - a potion of poison {unknown}
 o - a potion of haste {unknown}
 q - a potion of curing {unknown}
Books
 c - a book of Changes

   Spells                             Type                      Level
   a - Beastly Appendage              Transmutation                1
   b - Sticks to Snakes               Transmutation                2
   c - Spider Form                    Transmutation/Poison         3
   d - Ice Form                       Ice/Transmutation            4
   e - Blade Hands                    Transmutation                5
Comestibles
 d - 3 bread rations
 m - a chunk of flesh
 p - a meat ration


   Skills:
 + Level 1.5 Fighting
 + Level 3.7 Dodging
 + Level 1.0 Stealth
 + Level 4.1 Unarmed Combat
 * Level 3.3 Spellcasting
 * Level 4.1 Transmutations
 + Level 0.2 Poison Magic


You had 6 spell levels left.
You knew the following spells:

 Your Spells              Type           Power        Failure   Level  Hunger
a - Beastly Appendage     Trmt           ##....       14%         1    #......
b - Spider Form           Trmt/Pois      #.........   50%         3    ###....


Dungeon Overview and Level Annotations

Branches:
Dungeon (3/15)

Altars:
Xom


Message History

You kill the orc!
You feel sick.
You feel sick.
An orc comes into view. It is wielding a dagger.
The orc shouts!
You hit the orc wizard but do no damage.
The orc wizard is poisoned.
You feel sick. The orc wizard misses you.
You hit the orc wizard.
The orc wizard looks even sicker.
The orc wizard is moderately wounded.
* * * LOW HITPOINT WARNING * * *
You feel sick. The orc wizard closely misses you.
You hit the orc wizard but do no damage.
The orc wizard is heavily wounded.
Your transformation is almost over.
* * * LOW HITPOINT WARNING * * *
You feel sick.
The orc wizard points at you and mumbles some strange words.
The magic dart hits you!
* * * LOW HITPOINT WARNING * * *
You die...

#.....# # #..#..##
#.##....[. ###
###.......####. #..
......[)....... #.# #.#
... #)# #.# #.# #.#
##s## #.# ##...## #.####
##...oo## #..#>##
##.....)o##
####....####.........#
...........'.........'.
####....####.........###
#....## ##.......##
#...## ##.....##


You could see an orc wizard and 2 orcs.

Vanquished Creatures
  2 orc wizards (D:3)
  4 adders
  3 worms
  A giant gecko (D:3)
  6 orcs (D:3)
  3 giant cockroaches
  5 goblins
  7 hobgoblins
  14 jackals
  9 kobolds
  3 quokkas (D:2)
  8 bats
  5 giant newts
  6 rats
76 creatures vanquished.

Notes
Turn   | Place    | Note
--------------------------------------------------------------
     0 | D:1      | dvd the Merfolk Transmuter began the quest for the Orb.
     0 | D:1      | Reached XP level 1. HP: 15/15 MP: 3/3
    46 | D:1      | Reached XP level 2. HP: 18/21 MP: 3/5
   855 | D:1      | Reached XP level 3. HP: 26/26 MP: 4/6
   864 | D:1      | Learned a level 3 spell: Spider Form
  1370 | D:2      | HP: 1/26 [poisoned by an adder]
  2056 | D:2      | Reached XP level 4. HP: 25/32 MP: 3/8
  2825 | D:3      | Reached skill level 4 in Unarmed Combat
  2859 | D:3      | Found a shimmering altar of Xom.
  3493 | D:3      | Reached XP level 5. HP: 15/37 MP: 9/9
  3713 | D:3      | Reached skill level 1 in Stealth
  3848 | D:3      | HP: 1/37 [orc wizard/magic dart (9)]
  3849 | D:3      | Succumbed to an orc's poison

Vault maps used:
D:1:      minmay_arrival_hallway, serial_forest, infiniplex_forest_clump_small,
          infiniplex_forest_clump_long, infiniplex_forest_lined_2,
          infiniplex_forest_lined_2, infiniplex_forest_end_double,
          infiniplex_forest_lined_3_way, infiniplex_forest_zigzag_1,
          infiniplex_forest_end_2, infiniplex_forest_clump_curved,
          solitary_fountain
D:2:      first_bread
D:3:      nicolae_overflow_crystal_walls, vehumet_altar_wand_db,
          hangedman_decor_diamond_cutter

Action                   |  1- 3 |  4- 6 || total
-------------------------+-------+-------++-------
Melee: Unarmed           |   145 |   125 ||   270
 Cast: Beastly Appendage |    24 |    15 ||    39
       Spider Form       |     2 |     5 ||     7
 Stab: Sleeping          |     1 |     3 ||     4
  Eat: Chunk             |     4 |     7 ||    11
